 Dungeon Crawl Stone Soup version 0.29-a0-512-gf59ac788ac (webtiles) character file.

Game seed: 7848403641210103796

257 greasedhog the Stinger (level 6, -1/41 HPs)
             Began as a Formicid Venom Mage on May 29, 2022.
             Slain by a black bear (6 damage)
             ... on level 4 of the Dungeon.
             The game lasted 00:18:12 (4676 turns).

greasedhog the Stinger (Formicid Venom Mage)        Turns: 4676, Time: 00:18:13

Health: -1/41      AC:  2    Str: 13    XL:     6   Next: 39%
Magic:  0/12       EV: 12    Int: 16    God:
Gold:   170        SH:  0    Dex: 11    Spells: 3/13 levels left

rFire   + . .      SeeInvis +   (no weapon)
rCold   . . .      Faith    .   (no shield)
rNeg    . . .      Spirit   +   a - +0 robe
rPois   .          Reflect  .   (helmet unavailable)
rElec   .          Harm     .   (no cloak)
rCorr   .          Rampage  .   (no gloves)
Will    .....                   (no boots)
Stlth   ++........              m - amulet of guardian spirit
HPRegen 0.13/turn               h - ring of protection from fire
MPRegen 0.13/turn               (no ring)

@: no status effects
A: permanent stasis, dig shafts and tunnels, antennae 3, four strong arms
a: Dig, Shaft Self


You were on level 4 of the Dungeon.
You visited 1 branch of the dungeon, and saw 5 of its levels.

You collected 218 gold pieces.
You spent 48 gold pieces at shops.

Inventory:

Hand Weapons
 c - a +0 rapier
Armour
 a - a +0 robe (worn)
Jewellery
 h - a ring of protection from fire (left hand)
 m - an amulet of guardian spirit (around neck)
Wands
 j - a wand of flame (11)
 o - a wand of charming (7)
Scrolls
 e - a scroll of immolation
 g - a scroll of fear
 i - a scroll of noise {unknown}
 k - 3 scrolls of fog {unknown}
Potions
 b - a potion of magic
 d - a potion of curing {unknown}
 f - a potion of attraction {unknown}
 l - a potion of mutation {unknown}
 n - a potion of flight {unknown}


   Skills:
 - Level 1.8 Dodging
 - Level 2.6 Stealth
 * Level 4.2 Spellcasting
 - Level 1.0 Conjurations
 * Level 2.0 Transmutations
 - Level 1.0 Air Magic
 * Level 6.3 Poison Magic


You had 3 spell levels left.
You knew the following spells:

 Your Spells              Type           Power      Damage    Failure   Level
a - Sting                 Tmut/Pois      64%        1d6       3%          1
b - Poisonous Vapours     Pois/Air       30%        N/A       5%          2
c - Mephitic Cloud        Conj/Pois/Air  12%        N/A       16%         3
d - Olgreb's Toxic Radia  Pois           23%        N/A       12%         4

Your spell library contained the following spells:

 Spells                   Type           Power      Damage    Failure   Level
 Wereblood                Tmut           9%         N/A       11%         2
 Sublimation of Blood     Necr           3%         N/A       26%         2
 Summon Hydra             Summ           1%         N/A       100%        7


Dungeon Overview and Level Annotations

Branches:
Dungeon (5/15)
 Temple: D:4-7

Altars:
Dithmenos

Shops:
D:2 *   D:4 *


Innate Abilities, Weirdness & Mutations

You cannot be hasted, slowed, berserked, paralysed or teleported.
You can dig through walls and to a lower floor.
You have a pair of large antennae on your head. (SInv)
Your four strong arms can wield two-handed weapons with a shield.


Message History

The black bear is lightly wounded.
Aiming: Sting (safe; 3% risk of failure)
Press: ? - help, Q - select action, (/) - cycle Shift-Dir - straight line, f/p - black bear
Aim: a black bear (lightly wounded, very poisoned, 81% to hit)
The sting hits the black bear.
The black bear looks even sicker.
The black bear is moderately wounded.
The black bear attacks as you move away!
The black bear bites you.
The black bear claws you but does no damage.
The black bear claws you.
Aiming: Sting (safe; 3% risk of failure)
Press: ? - help, Q - select action, (/) - cycle Shift-Dir - straight line, f/p - black bear
Aim: a black bear (moderately wounded, very poisoned, 81% to hit)
The sting hits the black bear but does no damage.
The black bear looks as sick as possible!
The black bear is moderately wounded.
The black bear bites you. The black bear barely misses you.
The black bear claws you.
Your magical contamination has completely faded away.
The black bear attacks as you move away!
The black bear bites you. The black bear barely misses you.
The black bear closely misses you.
The black bear goes berserk!
The black bear bites you! The black bear claws you. x2
The black bear attacks as you move away!
The black bear misses you. The black bear closely misses you.
The black bear barely misses you.
The black bear attacks as you move away!
The black bear bites you. The black bear claws you!
The black bear barely misses you. The black bear bites you.
* * * LOW HITPOINT WARNING * * *
The black bear claws you.
* * * LOW HITPOINT WARNING * * *
The black bear claws you.
* * * LOW HITPOINT WARNING * * *
You don't have enough magic to cast this spell.
You don't have enough magic to cast this spell.
The black bear attacks as you move away!
The black bear bites you.
You die...

###############
#.>...........#
#@###########.#
#h# #.# #.#####
#.# #.....# #.#
#..##.#######.#
#..##.#.......#
#..##.#.####..#
#..##.#.# #..#
...##.#.# #..#


You could see a black bear (berserk, very poisoned).

Vanquished Creatures
  An orc priest (D:3)
  Terence (D:3)
  Jessica (D:2)
  4 gnolls (D:4)
  6 adders
  A worm (D:3)
  A dart slug (D:2)
  4 orcs (D:3)
  7 bats
  9 endoplasms
  4 giant cockroaches
  5 hobgoblins
  6 kobolds
  4 quokkas
  7 ball pythons
  7 goblins
  7 rats
75 creatures vanquished.

Notes
Turn   | Place    | Note
-------+----------+-------------------------------------------
     0 | D:1      | greasedhog the Formicid Venom Mage began the quest for the
                  | Orb.
     0 | D:1      | Reached XP level 1. HP: 13/13 MP: 3/3
   180 | D:1      | Reached XP level 2. HP: 19/19 MP: 3/5
  1081 | D:1      | Reached XP level 3. HP: 24/24 MP: 4/7
  1879 | D:2      | Found Kesawat's Assorted Antiques.
  1884 | D:2      | Bought a scroll of identify for 48 gold pieces
  1904 | D:2      | Noticed Jessica
  1912 | D:2      | Reached skill level 5 in Poison Magic
  1923 | D:2      | Killed Jessica
  1924 | D:2      | Reached XP level 4. HP: 21/30 MP: 3/9
  2302 | D:2      | Learned a level 2 spell: Poisonous Vapours
  2306 | D:2      | Learned a level 3 spell: Mephitic Cloud
  2311 | D:2      | Learned a level 4 spell: Olgreb's Toxic Radiance
  2707 | D:3      | Reached XP level 5. HP: 35/35 MP: 1/10
  2930 | D:3      | Found a shadowy altar of Dithmenos.
  3125 | D:3      | Noticed Terence
  3149 | D:3      | Killed Terence
  3150 | D:3      | Reached skill level 1 in Conjurations
  3510 | D:3      | Found a faded altar of an unknown god.
  3708 | D:4      | Noticed a black bear
  3708 | D:4      | Noticed a phantom
  3708 | D:4      | Found Osenaffu's Assorted Antiques.
  3769 | D:4      | Reached skill level 6 in Poison Magic
  4032 | D:3      | Reached XP level 6. HP: 6/41 MP: 1/12
  4528 | D:4      | Reached skill level 1 in Air Magic
  4627 | D:4      | You fall into a shaft and drop 1 floor!
  4627 | D:5      | Entered Level 5 of the Dungeon
  4676 | D:4      | Slain by a black bear

Illustrated notes

Levels and vault maps discovered:
D:1:      minmay_arrival_diagonal_passages, layout_loops_cross
D:2:      layout_basic, serial_shops, nicolae_shop_stone, minmay_crystal_water,
          uniq_jessica
D:3:      layout_rooms, nicolae_dithmenos_through_a_glass_darkly,
          shapermc_ecumenical_altar_mp_ritualfount, uniq_terence
D:4:      layout_loops_ring, marbit_many_paths, lightli_temple_of_fire,
          serial_shops, nicolae_shop_competitors_out_of_business
D:5:      layout_basic, lemuel_round_altar,
          nicolae_gozag_cash_rules_everything_around_me, minmay_fountain_box,
          guppyfry_early_orc_mine

Skill      XL: |  1  2  3  4  5  6 |
---------------+-------------------+-----
Spellcasting   | 3 4 |  4.2
Poison Magic   | 5 6 |  6.3
Conjurations   | 1 |  1.0
Air Magic      | 1 |  1.0
Transmutations | 2 |  2.0
Dodging        | |  1.8
Stealth        | |  2.6

Action                   |  1- 3 |  4- 6 || total
-------------------------+-------+-------++-------
Melee: Unarmed           |     1 |       ||     1
 Cast: Sting             |    53 |    86 ||   139
       Poisonous Vapours |       |    21 ||    21
       Mephitic Cloud    |       |     4 ||     4
 Abil: Shaft Self        |       |     1 ||     1
  Use: Scroll            |     2 |     1 ||     3
Armor: Robe              |    14 |     8 ||    22
Dodge: Dodged            |    38 |    52 ||    90

Table legend: (Time is in decaauts)
 A = Elapsed time spent in this place.
 B = Non-inter-level travel time spent in this place.
 C = Inter-level travel time spent in this place.
 D = Time resting spent in this place.
 E = Time spent auto-exploring this place.
 F = Levels seen in this place.
 G = Mean time per level.
                   A        B        C        D        E       F      G
               +--------+--------+--------+--------+--------+-----+--------+
         Total |   4678 |   4505 |    173 |   1146 |   2437 |   5 |  935.6 |
       Dungeon |   4678 |   4505 |    173 |   1146 |   2437 |   5 |  935.6 |
               +--------+--------+--------+--------+--------+-----+--------+

Top non-repeatable levels by time:
     D:1: 1571 daAuts
     D:3: 1531 daAuts
     D:2: 1106 daAuts
     D:4: 447 daAuts
     D:5: 22 daAuts
